 Dungeon Crawl Stone Soup version 0.25.1-2-g60ff931df9 (webtiles) character file.

Game seed: 14481914234037469930

286 ArchParadox the Cutter (level 6, 0/48 HPs)
             Began as a Human Fighter on Oct 13, 2020.
             Slain by an orc
             ... wielding a +0 flail
              (3 damage)
             ... on level 3 of the Dungeon.
             The game lasted 00:05:13 (2352 turns).

ArchParadox the Cutter (Human Fighter)              Turns: 2352, Time: 00:05:13

Health: 0/48       AC:  6    Str: 19    XL:     6   Next: 56%
Magic:  6/6        EV:  7    Int:  8    God:
Gold:   142        SH:  9    Dex: 12    Spells: 5/5 levels left

rFire    . . .     SeeInvis .   a - +0 rapier
rCold    . . .     Gourm    .   c - +0 kite shield
rNeg     . . .     Faith    .   b - +0 scale mail
rPois    .         Spirit   .   (no helmet)
rElec    .         Reflect  .   (no cloak)
rCorr    .         Harm     .   (no gloves)
MR       .....                  (no boots)
Stlth    ..........             (no amulet)
HPRegen  0.16/turn              (no ring)
MPRegen  0.10/turn              (no ring)

@: slowed, very slow
A: no striking features
a: no special abilities


You were on level 3 of the Dungeon.
You were not hungry.

You visited 1 branch of the dungeon, and saw 4 of its levels.

You collected 142 gold pieces.

Inventory:

Hand Weapons
 a - a +0 rapier (weapon)
Missiles
 l - 111 stones (quivered)
 q - 13 poisoned darts
 w - 13 bolts
Armour
 b - a +0 scale mail (worn)
 c - a +0 kite shield (worn)
Jewellery
 g - an uncursed ring of wizardry {unknown}
 i - an uncursed ring of poison resistance {unknown}
 y - an uncursed ring of protection from magic {unknown}
Wands
 x - a wand of random effects (19)
Scrolls
 k - 2 scrolls of identify
 o - a scroll of teleportation
 u - a scroll of amnesia {unknown}
 v - a scroll of blinking {unknown}
Potions
 d - a potion of might
 e - a potion of mutation {unknown}
 h - 2 potions of haste {unknown}
 j - 2 potions of lignification {unknown}
 m - a potion of flight {unknown}
 r - a potion of magic {unknown}
 t - a potion of heal wounds {unknown}
Comestibles
 f - 2 rations
 s - 5 chunks of flesh


   Skills:
 + Level 4.2 Fighting
 * Level 4.7 Short Blades
 - Level 3.0 Armour
 + Level 4.2 Shields


You had 5 spell levels left.
You didn't know any spells.
Your spell library contained the following spells:

 Spells                   Type           Power        Failure   Level  Hunger
 Corpse Rot               Necr/Air       N/A          100%        2    ###....
 Stone Arrow              Conj/Erth      #.....       100%        3    ####...
 Summon Forest            Summ/Tloc      #.........   100%        5    ######.
 Eringya's Noxious Bog    Tmut/Pois      #.........   100%        6    #######
 Hydra Form               Tmut           #.........   100%        6    #######
 Summon Hydra             Summ           #.........   100%        7    #######


Dungeon Overview and Level Annotations

Branches:
Dungeon (4/15)
 Temple: D:4-7

Altars:
Vehumet

Annotations:
D:3 3 runed translucent doors, Gaxx's ghost, weakling DsGl; wojtek's ghost, amateur MfTm


Message History

The orc wizard points at you and mumbles some strange words.
The magic dart hits you.
* * * LOW HITPOINT WARNING * * *
You block the orc's attack. The orc wizard casts a spell at you.
You feel yourself slow down. The orc hits you but does no damage.
The orc wizard hits you with a +0 dagger.
* * * LOW HITPOINT WARNING * * *
You hit the orc wizard but do no damage.
The orc wizard is almost dead.
The orc hits you but does no damage.
The orc wizard hits you with a +0 dagger.
* * * LOW HITPOINT WARNING * * *
The orc hits you with a +0 flail.
* * * LOW HITPOINT WARNING * * *
You block the orc wizard's attack. The orc closely misses you.
The orc wizard gestures wildly while chanting.
The orc wizard blinks!
You block the orc wizard's attack. The orc hits you with a +0 flail.
You die...

#.#...÷##..## ###.....
#.....÷.##..## #.......
##.#...#...#..###.#.###.
.........#.......... #.
.......##.####.....# #.
........##.# ..#. ## #.
........##.####..#.......#
........##o.##........##)
.........@o....# #.
...<..o###......# #.
#####.. ###...## ### #.#.#
# ..#.# # #...# # ... . #
..### #


You could see an orc wizard (fast) and 2 orcs.

Vanquished Creatures
  Sigmund (D:2)
  Jessica (D:2)
  Terence (D:2)
  An adder (D:2)
  An ooze (D:1)
  2 worms (D:3)
  A dart slug (D:1)
  3 leopard geckos (D:1)
  An orc (D:3)
  4 bats
  3 giant cockroaches
  5 goblins
  8 hobgoblins
  2 jackals (D:3)
  8 kobolds
  A quokka (D:2)
  A ball python (D:2)
  3 frilled lizards
  6 rats
53 creatures vanquished.

Notes
Turn   | Place    | Note
-------+----------+-------------------------------------------
     0 | D:1      | ArchParadox the Human Fighter began the quest for the Orb.
     0 | D:1      | Reached XP level 1. HP: 18/18 MP: 1/1
   224 | D:1      | Reached XP level 2. HP: 24/24 MP: 2/2
   480 | D:1      | Reached XP level 3. HP: 28/29 MP: 3/3
  1045 | D:2      | Noticed Terence
  1070 | D:2      | Killed Terence
  1070 | D:2      | Reached XP level 4. HP: 6/35 MP: 4/4
  1425 | D:2      | Noticed Jessica
  1464 | D:2      | Killed Jessica
  1464 | D:2      | Reached XP level 5. HP: 39/42 MP: 5/5
  1856 | D:2      | Noticed Sigmund
  1879 | D:2      | Killed Sigmund
  1879 | D:2      | Reached XP level 6. HP: 42/48 MP: 6/6
  2090 | D:3      | Found a runed translucent gate.
  2090 | D:3      | Found a runed translucent gate.
  2092 | D:3      | Found a runed translucent gate.
  2094 | D:3      | Noticed Gaxx's ghost (weakling DsGl)
  2094 | D:3      | Noticed wojtek's ghost (amateur MfTm)
  2160 | D:3      | Found a radiant altar of Vehumet.
  2352 | D:3      | Slain by an orc

Illustrated notes

Levels and vault maps discovered:
D:1:      sevenhm_arrival_forest_fort_large_2, layout_basic
D:2:      wander_river, layout_basic, uniq_terence, uniq_sigmund, uniq_jessica
D:3:      layout_rooms, vehumet_crystals,
          chequers_temple_overflow_statue_of_worship, gammafunk_ghost_cemetery
D:4:      layout_basic, xom_teletrap_fun, minmay_temple_entry_butterflies,
          nicolae_ossuary_entry_giza, serial_shops,
          nicolae_shop_temple_entry_statues_fountains, first_ration

Skill      XL: |  1  2  3  4  5 |
---------------+----------------+-----
Short Blades   | 3 4 |  4.7
Fighting       | 4 |  4.2
Shields        | 4 |  4.2
Armour         | |  3.0

Action                   |  1- 3 |  4- 6 || total
-------------------------+-------+-------++-------
Melee: Rapier            |    96 |    97 ||   193
Evoke: Wand              |       |     2 ||     2
  Use: Scroll            |     1 |     3 ||     4
       Potion            |     1 |       ||     1
  Eat: Chunk             |       |     5 ||     5
Armor: Scale mail        |    28 |    31 ||    59
Dodge: Dodged            |    16 |    22 ||    38
Block: Kite shield       |    36 |    51 ||    87
